 Dungeon Crawl Stone Soup version 0.16-a0-2970-ge3807df (webtiles) character file.

68 Johnny the Firebug (level 3, 0/28 HPs)
             Began as a Demigod Fire Elementalist on Dec 5, 2014.
             Slain by a big kobold
             ... wielding a +0 club
              (5 damage)
             ... on level 3 of the Dungeon.
             The game lasted 00:03:06 (2300 turns).

Johnny the Firebug (Demigod Fire Elementalist)      Turns: 2300, Time: 00:03:06

Health: 0/28       AC:  2    Str: 11    XL:     3   Next: 73%
Magic:  1/8        EV: 13    Int: 19    God:
Gold:   103        SH:  0    Dex: 18    Spells: 1 memorised, 6 levels left

rFire  . . .     SeeInvis .     v - staff of earth
rCold  . . .     Clarity  .     a - +0 robe
rNeg   . . .     SustAb   +     (no shield)
rPois  .         Gourm    .     (no helmet)
rElec  .         Spirit   .     (no cloak)
rCorr  .         Warding  .     (no gloves)
rMut   .         Stasis   .     (no boots)
MR     .....                    (no amulet)
Stlth  ++........               (no ring)
                                (no ring)

@: very slightly contaminated, not resistant to hostile enchantments, unstealthy
A: sustain abilities
a: no special abilities


You were on level 3 of the Dungeon.
You were hungry.

You visited 1 branch of the dungeon, and saw 3 of its levels.

You collected 103 gold pieces.

Inventory:

Hand weapons
 e - a +0 dagger of speed
 z - a +0 lajatang
Armour
 a - a +0 robe (worn)
 y - a +3 leather armour
Magical staves
 v - an uncursed staff of earth (weapon)
Scrolls
 g - 3 scrolls of fear {unknown}
 h - 4 scrolls of recharging {unknown}
 i - a scroll of amnesia {unknown}
 j - 2 scrolls of identify {unknown}
 k - a scroll of teleportation {unknown}
 l - a scroll of fog {unknown}
 o - a scroll of enchant weapon {unknown}
 q - a scroll of enchant armour {unknown}
 r - a scroll of random uselessness {unknown}
 s - a scroll of noise {unknown}
 u - a scroll of remove curse {unknown}
Potions
 f - a potion of haste {unknown}
 m - a potion of invisibility {unknown}
 n - 3 potions of curing {unknown}
 p - a potion of agility {unknown}
 t - a potion of poison {unknown}
 w - a potion of experience {unknown}
Books
 b - a book of Flames

   Spells                             Type                      Level
   a - Flame Tongue                   Conjuration/Fire             1
   b - Throw Flame                    Conjuration/Fire             2
   c - Conjure Flame                  Conjuration/Fire             3
   d - Inner Flame                    Hexes/Fire                   3
   e - Sticky Flame                   Conjuration/Fire             4
   f - Fireball                       Conjuration/Fire             5
Comestibles
 c - 2 bread rations
 d - a beef jerky
 x - a chunk of flesh


   Skills:
 + Level 1.1 Fighting
 + Level 0.5 Armour
 * Level 2.2 Dodging
 - Level 1.7 Stealth
 * Level 2.5 Spellcasting
 * Level 1.2 Conjurations
 * Level 3.0 Fire Magic


You had 6 spell levels left.
You knew the following spells:

 Your Spells              Type           Power        Failure   Level  Hunger
a - Flame Tongue          Conj/Fire      ##...        10%         1    #......


Dungeon Overview and Level Annotations

Branches:
Dungeon (3/15)


Innate Abilities, Weirdness & Mutations

Your attributes are resistant to harm.


Message History

The hobgoblin hits you with a club.
* * * LOW HITPOINT WARNING * * *
Things that are here:
18 stones; a kobold corpse
Things that are here:
23 stones; a kobold corpse You see here 2 stones.
Things that are here:
2 stones; 11 poisoned needles
There is a stone staircase leading up here.
You see here a stone.
Casting: Flame Tongue
Confirm with . or Enter, or press ? or * to list all spells.
Aiming: Flame Tongue
Press: ? - help, Shift-Dir - straight line, f/p - big kobold
Aim: a big kobold, wielding a club (severely wounded)
The flame tongue hits the big kobold.
The big kobold is almost dead.
The big kobold hits you with a club.
You die...

. .... ... ..... #..
#...# #.# #...# ...
#...# #.# #...# #.###
####.#### #....
#.@Kg...#######....
#.##K.....).....### # #.
#(.#.#..........
###.##.##(...........###
.....................###
.##.##.......#..........
....##.......#.##.#<####
....................)...
........................


You could see a big kobold, a hobgoblin and a kobold.

Vanquished Creatures
  2 adders (D:2)
  A worm (D:3)
  3 giant geckos (D:1)
  3 orcs (D:3)
  4 bats
  6 giant cockroaches
  3 hobgoblins (D:1)
  3 jackals (D:2)
  3 quokkas (D:2)
  A giant newt (D:1)
  3 goblins
  4 kobolds
  A rat (D:3)
37 creatures vanquished.

Notes
Turn   | Place    | Note
--------------------------------------------------------------
     0 | D:1      | Johnny, the Demigod Fire Elementalist, began the quest for the Orb.
     0 | D:1      | Reached XP level 1. HP: 14/14 MP: 3/3
    30 | D:1      | Reached skill level 1 in Conjurations
   413 | D:1      | Reached XP level 2. HP: 22/22 MP: 1/4
  1292 | D:2      | Reached skill level 1 in Fighting
  1292 | D:2      | Reached XP level 3. HP: 26/28 MP: 6/8
  1345 | D:2      | Found a blossoming altar of Fedhas.
  1680 | D:2      | Found a snail-covered altar of Cheibriados.
  2104 | D:3      | Reached skill level 3 in Fire Magic
  2276 | D:3      | Noticed a big kobold
  2300 | D:3      | Slain by a big kobold

Action                   || total
-------------------------++-------
Melee: Dagger            ||    55
       Staff             ||    28
 Cast: Flame Tongue      ||    45
 Stab: Sleeping          ||     3
  Eat: Chunk             ||     4
